Cogmind - Beta 16 @@@ ROGUE MODE // 2025.10.29 @ 13:49:19 Player: ZLD1 Result: Destroyed by P-70 Sage with High-powered Shock Rifle Performance ------------- Evolutions (5) 2500 Regions Visited (4) 800 Robots Destroyed (9) 45 Value Destroyed (508) 508 Prototype IDs (6) 120 Alien Tech Used (0) 0 Bonus (1291) 1291 TOTAL SCORE: 5264 Bonus ------- Pacifist 491 Registered with UFD 300 Met Optimus in HQ 500 Cogmind --------- Core Integrity 0/1000 Matter 295/300 Energy 99/100 System Corruption 4% Temperature Cool (0) Movement Core (50) Location -5/Factory Parts ------- > --- POWER (2) -------- (None) > --- PROPULSION (4) --- (None) > --- UTILITY (8) ------ Advanced Visual Processing Unit Improved Signal Interpreter Core Analyzer > --- WEAPON (3) ------- Makeshift Sword > --- INVENTORY (5) ---- Light Fission Core Micro Fission Core Improved Target Analyzer Improved Medium Armor Plating Improved Shock Absorption System Peak State ------------ > --- POWER ------------ Light Angular Momentum Engine Light Fission Core > --- PROPULSION ------- Carbon-fiber Leg > --- UTILITY ---------- Small Storage Unit Advanced Visual Processing Unit Improved Signal Interpreter Core Analyzer Phase Shifter Improved Shield Generator > --- WEAPON ----------- Flail Heavy Flail > --- INVENTORY -------- Micro Fission Core Improved Shock Absorption System Makeshift Sword [Rating: 39] Favorites ----------- Power Light Ion Engine Engine Light Ion Engine Power Core Micro Fission Core Propulsion Aluminum Leg Leg Aluminum Leg Wheel Wheel Utility Small Storage Unit Device Terrain Scanner Storage Small Storage Unit Processor Advanced Visual Processing Unit Protection Improved Light Armor Plating Weapon Flail Impact Weapon Flail Slashing Weapon Makeshift Sword Build | -11 -10 -10 -7 -5 ------- Run | Yrd Mat Sub Scr Fac Slots Evolved 10 | . . . . 10 Power 1 | . . . . 1 Propulsion 2 | . . . . 2 Utility 6 | . . . . 6 Weapon 1 | . . . . 1 Parts Attached 24 | 6 1 . 2 15 Power 6 | 1 . . . 5 Engine 4 | 1 . . . 3 Core 2 | . . . . 2 Reactor . | . . . . . Propulsion 6 | 4 . . . 2 Treads . | . . . . . Leg 4 | 2 . . . 2 Wheel 2 | 2 . . . . Hover . | . . . . . Flight . | . . . . . Utility 9 | 1 1 . . 7 Device 4 | . 1 . . 3 Storage 1 | 1 . . . . Processor 3 | . . . . 3 Hackware . | . . . . . Protection 1 | . . . . 1 Artifact . | . . . . . Weapon 3 | . . . 2 1 Energy Gun . | . . . . . Energy Cannon . | . . . . . Ballistic Gun . | . . . . . Ballistic Cannon . | . . . . . Launcher . | . . . . . Special Weapon . | . . . . . Impact Weapon 2 | . . . 2 . Slashing Weapon 1 | . . . . 1 Piercing Weapon . | . . . . . Special Melee Weapon . | . . . . . Unidentified Prototypes . | . . . . . Parts Lost 16 | . . . 1 15 Power 4 | . . . . 4 Propulsion 4 | . . . . 4 Utility 6 | . . . 1 5 Weapon 2 | . . . . 2 Highest Loss Streak 12 | . . . 1 12 To Critical Strikes 1 | . . . . 1 Average Backups 6 | 2 4 5 7 5 Power 1 | . 1 1 1 1 Propulsion 1 | 1 2 3 1 . Utility 3 | . . 1 4 2 Weapon . | . . . . . Tool/Special . | . . . . . Unused Backups 8 | . . . 5 3 Power . | . . . . . Propulsion 2 | . . . 2 . Utility 6 | . . . 3 3 Weapon . | . . . . . Tool/Special . | . . . . . Average Slot Usage (%) 82 | . 67 71 95 58 Engine 12 | . 14 14 14 7 Leg 16 | . . . 23 11 Wheel 6 | . 28 28 4 . Device 11 | . 10 14 14 4 Storage 11 | . 14 14 14 4 Processor 3 | . . . . 15 Impact Weapon 16 | . . . 23 8 Peak Build Rating 39 | 4 5 5 12 39 Average Rating 13 | 3 4 5 10 27 On Entrance 5 | . 4 5 5 11 Avg Prop Armor Cover (%) . | . . . . . Naked Turns . | . . . . . Heaviest Build 27 | 8 9 9 14 27 Greatest Support 50 | 26 26 26 26 50 Greatest Overweight (x) 7 | . . . . 7 Average Overweight (x) . | . . . . . Largest Inventory Capacity 8 | 8 8 8 8 8 Average Capacity 7 | 7 8 8 8 7 Most Carried 8 | 4 5 7 8 8 Average Carried 6 | 2 4 5 7 5 Final Capacity 8 | 8 8 8 8 5 Final Carried 8 | 3 5 7 8 5 Class Distribution -------------------- 100% | Mutant Dominant Class ---------------- Mutant | -10/Materials Mutant | -10/Subcaves Mutant | -7/Scraptown Mutant | -5/Factory Resources | -11 -10 -10 -7 -5 ----------- Run | Yrd Mat Sub Scr Fac Matter Collected 450 | 228 39 3 40 140 Remotely . | . . . . . Salvage Created 475 | . . . . 475 Parts 19 | . . . . 19 Haulers Intercepted . | . . . . . Recyclers Shooed . | . . . . . Parts Field Recycled . | . . . . . Retrieved Matter . | . . . . . Parts Self-Destructed 19 | . . 19 . . Prevented . | . . . . . Parts Restored . | . . . . . Kills | -11 -10 -10 -7 -5 ------- Run | Yrd Mat Sub Scr Fac Combat Hostiles Destroyed 8 | . . . . 8 Melee 6 | . . . . 6 Classes Destroyed 5 | . . . . 5 Watcher 1 | . . . . 1 Grunt 4 | . . . . 4 Sentry 1 | . . . . 1 Hunter 2 | . . . . 2 Programmer 1 | . . . . 1 Best Kill Streak 3 | . . . . 3 Combat Bots Only 2 | . . . . 2 Max Kills in Single Turn 1 | . . . . 1 Gunslinging . | . . . . . Exploded . | . . . . . Melee 1 | . . . . 1 Uniques/NPCs Destroyed . | . . . . . Combat | -11 -10 -10 -7 -5 -------- Run | Yrd Mat Sub Scr Fac Hostile Shots Fired 188 | . . 13 8 167 Missed 62 | . . 7 3 52 Hits 126 | . . 6 5 115 Projectile 126 | . . 6 5 115 Critical Strikes 7 | . . . . 7 Damage Taken 2331 | . . 44 56 2231 Core 1038 | . . 35 . 1003 Absorbed by Shields 70 | . . . . 70 Core Remaining (%) 93 | 100 . . 86 . Volleys Fired . | . . . . . Largest . | . . . . . Hottest . | . . . . . Shots Fired . | . . . . . Gun . | . . . . . Cannon . | . . . . . Launcher . | . . . . . Special . | . . . . . Kinetic . | . . . . . Thermal . | . . . . . Explosive . | . . . . . Electromagnetic . | . . . . . Robot Hit Streak . | . . . . . Robot Miss Streak . | . . . . . Penetration Max . | . . . . . Secondary Targets . | . . . . . Shots Hit Robots 31 | . . . 1 30 Core Hits 7 | . . . . 7 Critical Kills . | . . . . . Critical Parts Destroyed 3 | . . . . 3 Critical Strikes 4 | . . . . 4 Smash 3 | . . . . 3 Sever 1 | . . . . 1 Melee Attacks 51 | . . . 3 48 Impact 31 | . . . 3 28 Slashing 20 | . . . . 20 Piercing . | . . . . . Sneak Attacks . | . . . . . Combat Hostiles . | . . . . . Follow-up Attacks 1 | . . . . 1 Damage Inflicted 1370 | . . . 52 1318 Guns . | . . . . . Cannons . | . . . . . Explosions . | . . . . . Melee 1370 | . . . 52 1318 Ramming . | . . . . . Kinetic . | . . . . . Thermal . | . . . . . Explosive . | . . . . . Electromagnetic . | . . . . . Impact 870 | . . . 52 818 Slashing 500 | . . . . 500 Piercing . | . . . . . Highest Corruption 4 | . . . . 4 Average Corruption 3 | . . . . 3 Corruption Purged . | . . . . . Corruption Blocked . | . . . . . Overload Shots . | . . . . . Overflow Damage 279 | . . . 42 237 Projectiles . | . . . . . Explosions . | . . . . . Melee 279 | . . . 42 237 Knockbacks 8 | . . . 1 7 Impact 8 | . . . 1 7 Kinetic . | . . . . . Secondary . | . . . . . Self-Inflicted Damage . | . . . . . Shots . | . . . . . Rammed . | . . . . . Targets Rammed . | . . . . . Kicked . | . . . . . Crushed . | . . . . . Highest Temperature 8 | . . . . 8 Average Temperature 8 | . . . . 8 Received Heat Transfer 453 | . . 33 . 420 Siege Activations . | . . . . . Martial Activations . | . . . . . Shielding Activations . | . . . . . Robots Disrupted . | . . . . . Combat Hostiles . | . . . . . Robots Corrupted 3 | . . . . 3 Combat Hostiles 2 | . . . . 2 Parts Fried 3 | . . . . 3 Impact Corruptions 9 | . . . 2 7 Robots Melted . | . . . . . Combat Hostiles . | . . . . . Parts Melted . | . . . . . Heat Transferred . | . . . . . Parts Sabotaged . | . . . . . Parts Stolen . | . . . . . Parts Stripped . | . . . . . Power Chain Reactions . | . . . . . Alert | -11 -10 -10 -7 -5 ------- Run | Yrd Mat Sub Scr Fac Maximum Alert Level . | . . . . . Low Security (%) 100 | 100 100 . . 100 Level 1 . | . . . . . Level 2 . | . . . . . Level 3 . | . . . . . Level 4 . | . . . . . Level 5 . | . . . . . High Security . | . . . . . Max Security . | . . . . . Peak Influence 100 | . 15 . . 100 Initial . | . . . . . Average 18 | . 1 . . 23 Influence Increases 434 | . 15 75 . 344 Destroy 0b10 Robot/C 160 | . . . . 160 Destroy 0b10 Robot/NC 5 | . . . . 5 Destroy Leader 42 | . . . . 42 Successful Hack 2 | . . . . 2 Partial Spotted 15 | . 15 . . . Lose Combat Pursuer 210 | . . 75 . 135 Influence Decreases 359 | . 15 40 35 269 Entered New Map 35 | . . . 35 . Time Decay 250 | . 15 40 . 195 Lost Part 74 | . . . . 74 Squads Dispatched 5 | . 2 . . 3 Investigation 1 | . 1 . . . Extermination 1 | . . . . 1 Reinforcement 1 | . 1 . . . Assault . | . . . . . Garrison 2 | . . . . 2 Intercept . | . . . . . Searches Triggered . | . . . . . Construction Impeded . | . . . . . Haulers Reinforced . | . . . . . Active Scanning Responses . | . . . . . Cargo Convoy Interrupts . | . . . . . Stealth | -11 -10 -10 -7 -5 --------- Run | Yrd Mat Sub Scr Fac Distress Signals 1 | . 1 . . . Communications Jammed . | . . . . . Distress Signals . | . . . . . Times Spotted 36 | . 3 9 1 23 Peak Tracking Total 8 | . 3 2 1 8 Tactical Retreats 4 | . . 2 . 2 Traps | -11 -10 -10 -7 -5 ------- Run | Yrd Mat Sub Scr Fac Traps Triggered . | . . . . . Indirectly . | . . . . . Trap Hack Attempts . | . . . . . Triggered . | . . . . . Disarmed . | . . . . . Reprogrammed . | . . . . . Reused . | . . . . . Traps Extracted . | . . . . . Installed . | . . . . . Triggered . | . . . . . Machines | -11 -10 -10 -7 -5 ---------- Run | Yrd Mat Sub Scr Fac Machines Disabled 1 | . . . 1 . Max in Single Turn 1 | . . . 1 . Machines Repaired . | . . . . . Machines Dismantled . | . . . . . Machines Sabotaged . | . . . . . Overloaded Fab Kills . | . . . . . Hacking | -11 -10 -10 -7 -5 --------- Run | Yrd Mat Sub Scr Fac Machines Accessed 9 | . . . 8 1 Terminals . | . . . . . Fabricators . | . . . . . Repair Stations . | . . . . . Recycling Units . | . . . . . Scanalyzers 1 | . . . . 1 Garrison Access . | . . . . . Total Hacks 49 | . . . 44 5 Successful 48 | . . . 44 4 Failed 1 | . . . . 1 Catastrophic . | . . . . . Database Lockouts . | . . . . . Manual . | . . . . . Terminals . | . . . . . Fabricators . | . . . . . Repair Stations . | . . . . . Recycling Units . | . . . . . Scanalyzers 5 | . . . . 5 Garrison Access . | . . . . . Terminal Hacks 44 | . . . 44 . Record 37 | . . . 37 . Robot Analysis 6 | . . . 6 . Proto ID Catalog 1 | . . . 1 . Fabricator Hacks . | . . . . . Repair Station Hacks . | . . . . . Recycling Unit Hacks . | . . . . . Scanalyzer 4 | . . . . 4 Insert Component 2 | . . . . 2 Analyze 2 | . . . . 2 Garrison Access Hacks . | . . . . . Unauthorized Hacks . | . . . . . Terminals . | . . . . . Fabricators . | . . . . . Repair Stations . | . . . . . Recycling Units . | . . . . . Scanalyzers . | . . . . . Garrison Access . | . . . . . Data Cores Recovered . | . . . . . Used . | . . . . . Hacking Detections 1 | . . . . 1 Full Trace Events . | . . . . . Feedback Events . | . . . . . Feedback Blocked . | . . . . . Robot Schematics Acquired . | . . . . . Robots Built . | . . . . . Authchips . | . . . . . Time . | . . . . . Total Robot Build Rating . | . . . . . Part Schematics Acquired 2 | . . . . 2 Parts Built . | . . . . . Authchips . | . . . . . Time . | . . . . . Total Part Build Rating . | . . . . . Part Studies Acquired . | . . . . . Parts Repaired . | . . . . . Time . | . . . . . Parts Recycled . | . . . . . Recycled Matter . | . . . . . Retrieved Matter . | . . . . . Retrieved Components . | . . . . . Parts Scanalyzed 2 | . . . . 2 Part Schematics Acquired 2 | . . . . 2 Parts Damaged . | . . . . . Bothacking | -11 -10 -10 -7 -5 ------------ Run | Yrd Mat Sub Scr Fac Used RIF Installer . | . . . . . Robots Hacked . | . . . . . Non-combat . | . . . . . Combat . | . . . . . Robot Hacks Applied . | . . . . . Relay Couplers Released . | . . . . . Fabnet Peak Effective % . | . . . . . Robots Rewired . | . . . . . Allies Hacked . | . . . . . Hacks Repelled . | . . . . . Allies | -11 -10 -10 -7 -5 -------- Run | Yrd Mat Sub Scr Fac Total Allies . | . . . . . Largest Group . | . . . . . Highest-Rated Group . | . . . . . Highest-Rated Ally . | . . . . . Total Orders . | . . . . . Ally Attacks . | . . . . . Total Damage . | . . . . . Kills . | . . . . . Allies Corrupted . | . . . . . Allies Melted 1 | . . . 1 . Intel | -11 -10 -10 -7 -5 ------- Run | Yrd Mat Sub Scr Fac Active Infowar (turns) 2945 | . 161 224 1811 749 Optics 749 | . . . . 749 Terrain 2196 | . 161 224 1811 . Robot Analysis Total 6 | . . . 6 . Derelict Logs Recovered . | . . . . . Drone Launches . | . . . . . Drone Recoveries . | . . . . . Exploration | -11 -10 -10 -7 -5 ------------- Run | Yrd Mat Sub Scr Fac Turns Passed 3038 | 46 203 224 1815 750 Spaces Moved 2402 | 38 212 202 1569 381 Core 147 | 10 . . . 137 Treads . | . . . . . Legs 1510 | 7 . . 1259 244 Wheels 745 | 21 212 202 310 . Hover . | . . . . . Flight . | . . . . . Fastest Speed 50 | 50 90 90 90 50 Average Speed 110 | 85 90 90 114 119 Slowest Speed 400 | 120 90 90 120 400 Overloaded Moves . | . . . . . Propulsion Burnouts . | . . . . . Robots Hopped . | . . . . . Potential Cave-ins . | . . . . . Cave-ins Triggered . | . . . . . Exploration Rate (%) 29 | 3 31 12 93 10 Regions Visited 4 Branch Regions 2 Pre-discovered Areas . | . . . . . Known Exits Taken . | . . . . . Unknown Exits Taken 4 | 1 1 1 1 . Scrap Searched 4 | . . . 4 . Spaces Dug . | . . . . . Terrain Destroyed . | . . . . . Melee . | . . . . . Projectile . | . . . . . AOE . | . . . . . Terrain Rammed . | . . . . . Walls Destroyed . | . . . . . Machines Disabled . | . . . . . Actions | -11 -10 -10 -7 -5 --------- Run | Yrd Mat Sub Scr Fac Total 2732 | 50 224 244 1591 623 Wait 218 | . 9 41 . 168 Move 2398 | 37 211 201 1568 381 Hop . | . . . . . Pick Up 30 | 7 3 2 9 9 Fast Attach 2 | . . . 1 1 Attach 22 | 4 1 . 1 16 Detach 4 | . . . . 4 Swap 6 | 2 . . 2 2 Drop 7 | . . . 7 . Fire . | . . . . . Melee 45 | . . . 3 42 Ram . | . . . . . Kick . | . . . . . Crush . | . . . . . Escape Stasis . | . . . . . Rewire . | . . . . . Trap . | . . . . . Miscellaneous . | . . . . . Route ------- -11/Scrapyard -10/Materials (discovered 2 exits: [*Mat] / [*Sub]) -10/Subcaves (discovered 2 exits: [*Rec] / *Scr) -7/Scraptown (discovered 2 exits: *Fac x2) -5/Factory History --------- Turn | Location | Event 4 | -11/Scrapyard | Discovered new exit (range 16) 47 | -11/Scrapyard | Entered Materials 48 | -10/Materials | Met a group of wandering Federalists 139 | -10/Materials | Discovered new exit (range 10) 240 | -10/Materials | Discovered new exit (range 9) 250 | -10/Materials | Entered Subcaves 251 | -10/Subcaves | Continued accompanying wandering Federalists (4) 251 | -10/Subcaves | Approached by a straggling Scientist 300 | -10/Subcaves | Build established: Mutant 395 | -10/Subcaves | Discovered new exit (range 9) 459 | -10/Subcaves | Lost 5 allies 464 | -10/Subcaves | Wandering Federalist uncovered a shortcut to Scraptown 474 | -10/Subcaves | Entered Scraptown 785 | -7/Scraptown | Heard Great Nut preacher, LISTEN AND RECITE! 822 | -7/Scraptown | Discovered new exit (range 5) 948 | -7/Scraptown | Visited Cyclists 986 | -7/Scraptown | Visited Comm Corps 1039 | -7/Scraptown | Visited Awakened 1101 | -7/Scraptown | Visited Symbiants 1130 | -7/Scraptown | Visited Shadow of the Wyrm 1307 | -7/Scraptown | Visited UFD Registry 1307 | -7/Scraptown | Registered with UFD as "Fluxdriver" 1323 | -7/Scraptown | Visited Cave Peace 1403 | -7/Scraptown | Visited Science Guys 1468 | -7/Scraptown | Visited LU-1G1's Boring Crew 1549 | -7/Scraptown | Visited Junk Repository 1592 | -7/Scraptown | Visited Analyses Database 1618 | -7/Scraptown | Visited Scrap Suit Storage 1653 | -7/Scraptown | Visited Supply Room 1677 | -7/Scraptown | Visited Abandonware Association 1704 | -7/Scraptown | Learned abandonware demo "POISON.EXE" 1812 | -7/Scraptown | Discovered new exit (range 5) 1857 | -7/Scraptown | Visited Research Penetration Think Tank 1886 | -7/Scraptown | Visited Scrapoid Research Area 1920 | -7/Scraptown | Visited Curators Association 2185 | -7/Scraptown | Met Optimus 2185 | -7/Scraptown | Accepted into 0bPrime 2266 | -7/Scraptown | Civil war broke out across Scraptown 2289 | -7/Scraptown | Entered Factory 2289 | -5/Factory | Evolved 10 slots: Power x1, Propulsion x2, Utility x6, Weapon x1 2799 | -5/Factory | Garrison activated, responded to threat 2905 | -5/Factory | Lost 12 parts (3p4n3u2w) 2976 | -5/Factory | Garrison activated, responded to threat 2997 | -5/Factory | Core integrity fell below 50% 3005 | -5/Factory | Core integrity fell below 20% 3017 | -5/Factory | Spotted B-75 Beast 3039 | -5/Factory | Destroyed by P-70 Sage with High-powered Shock Rifle Last Messages --------------- 02993_ P-70 Sage Tesla Rifle severed. 02995_ Penetrated by Slug. 02995_ Sml. Storage Unit destroyed. 02997_ C-30 ARC bursts open, deploying its payload. 02997_ G-67 Veteran unfolds itself. 02997_ G-50 Soldier unfolds itself. 02997_ K-01 Serf collects debris. 02999_ K-01 Serf destroyed. 03000_ Slug penetrates G-50 Soldier. 03000_ G-50 Soldier suffers critical hit (Destroy). 03001_ U-05 Engineer destroyed. 03002_ P-70 Sage resets W-25 Informer, system corruption cleaned. 03002_ U-05 Engineer builds a Wall. 03010_ K-01 Serf cleans the Matter Pump. 03011_ K-01 Serf cleans the Neutrino Reactor. 03012_ K-01 Serf cleans the Matter Pump. 03024_ K-01 Serf cleans the Assembly Bed. 03033_ Assembly Bed disabled. 03036_ K-01 Serf cleans the Matter Pump. Map ----- +----------------------------------------------------+ | ?????????????????????????????????????????????????? | | ?????????????????????????????????????????????????? | | ?????????????????????????????????????????????????? | | ?????????????????????????????????????????????????? | | ?????????????????????????????????????????????????? | | ?????????????????????????????????????????????????? | | ?????????????????????????????????????????????????? | | ?????????????????????????????????????????????????? | | ?????????????????????????????????????????????????? | | ?????????????????????????????????????????????????? | | ?????????????????????????????????????????????????? | | ?????????????????????????????????????????????????? | | ?????????????????????????????????????????????????? | | ?????????????????????????????????????????????????? | | ???????????????????????????????????????????????### | | ?????????????????????????????????????????????? | | ????????????????????????????????????????????? | | ????????????????????????????????????????????? | | ?????????????#?????# ???????????????????????""" "" | | ?????????????# ???? ????????????????????? """ "" | | ?????????????# ???? ?????????????????? """ "" | | ?????????????# k#####+#############+### | | ?????????????# R k""" "" | | ?????????????# """ "" | | ?????????????# k """ "" | | ?????????????# @ B | | ?????????????# k p u B | | ?????????????###+#+#####+############+####### ## | | ???????????????????????????????# " ## | | ???????????????????????????????# """" " "" ##### | | ???????????????????????????????# """" """" ##### | | ???????????????????????????????# """" """" + | | ???????????????????????????????# """" """" ##### | | ???????????????????????????????# """" """" #???# | | ???????????????????????????????# """" """" #???## | | ???????????????????????????????# #????? | | ???????????????????????????????# #????? | | ???????????????????????????????# ! #????? | | ???????????????????????????????# #????? | | ???????????????????????????????# #????? | | ???????????????????????????????##############????? | | ?????????????????????????????????????????????????? | | ?????????????????????????????????????????????????? | | ?????????????????????????????????????????????????? | | ?????????????????????????????????????????????????? | | ?????????????????????????????????????????????????? | | ?????????????????????????????????????????????????? | | ?????????????????????????????????????????????????? | | ?????????????????????????????????????????????????? | | ?????????????????????????????????????????????????? | +----------------------------------------------------+ Best States ------------- Heat Dissipation 40 Energy Generation 31 Energy Capacity 325 Matter Stores 300 Matter Capacity 300 Sight Range 20 Terrain Scan Range 14 Terrain Scan Density 10 Armor Coverage 150 Phase Shifting 5 Evasion (%) 63 Core Analysis 6 Item Schematics ----------------- Mak. Sword | -5/Factory | Scanalyzed Imp. Shock Absorption System | -5/Factory | Scanalyzed Robot Schematics ------------------ None Fabricated ------------ Nothing Repaired ---------- Nothing Studied --------- None Alien Tech Used ----------------- None Achievements -------------- Armchair Analyst Civilization 2243 Link The Feds Strength In Numbers Uncivil War Challenges ------------ None Game ------ Seed SupersonicLinkedMesh Manual? 0 Play Time 00:35:10 Cumulative 65.5 hours Start 2025.10.29 @ 13:13:06 End 2025.10.29 @ 13:49:19 Sessions 1 Manual Loads 0 Difficulty Rogue Special Mode None Game No. 154 Rogue 154 Adventurer 0 Explorer 0 Win Type - Total 1 Types 1/0/0/0/0/0/0/0/0/0 Lore% 36 Gallery% 37 Achievement% 21 Wizard Run 0 Options --------- Layout 1 ASCII 0 Keyboard 0 Movement Mouse Keybinds 0 Fullscreen 0 Font 24/Smallcaps Map View 59x39 Zoom Use 0% Tactical HUD 1 Map Filters NONE Filters NONE Steam 1 RUN: dcdd78c7-f2fc-4714-b4b0-3936a2b91664